 Dungeon Crawl Stone Soup version 0.32-a0-868-g153ae1a8d6 (webtiles) character file.

Game seed: 2782040493224188834

17 wilfster70 the Conjurer (level 2, 0/30 HPs)
             Began as a Gnoll Conjurer on Mar 28, 2024.
             Constricted to death by a ball python (2 damage)
             ... on level 2 of the Dungeon.
             The game lasted 00:03:03 (856 turns).

wilfster70 the Conjurer (Gnoll Conjurer)             Turns: 856, Time: 00:03:04

Health: 0/30       AC: 21    Str: 15 (18) XL:     2   Next: 62%
Magic:  1/7        EV:  1    Int: 16 (17) God:
Gold:   16         SH:  0    Dex:  8 (10) Spells: 7/10 levels left

rFire   . . .        a - +0 trident
rCold   . . .        (no shield)
rNeg    . . .        n - melded +0 robe
rPois   +            (helmet currently unavailable)
rElec   .            (cloak currently unavailable)
rCorr   .            (gloves currently unavailable)
SInv    .            (boots currently unavailable)
Will    .....        (no amulet)
Stlth   ++           c - +6 ring of strength
HPRegen 0.25/turn    m - +6 ring of strength
MPRegen 0.10/turn

%: no passive effects
@: tree-form, constricted
A: stationary, stasis, torment immunity, boosted hp, (fangs 1), strong nose,
distributed training
a: no special abilities


You were on level 2 of the Dungeon.
You were a tree.
You visited 1 branch of the dungeon, and saw 2 of its levels.

You collected 16 gold pieces.

Inventory:

Hand Weapons
 a - a +0 trident (weapon)
Missiles
 o - 6 poisoned darts
Armour
 i - a +0 kite shield
 n - a +0 robe (melded)
Magical Staves
 e - a staff of fire
Jewellery
 c - a +6 ring of strength (left branch)
 m - a +6 ring of strength (right branch)
Scrolls
 d - a scroll of amnesia {unknown}
 g - 3 scrolls of identify {unknown}
 h - a scroll of noise {unknown}
 k - a scroll of fog {unknown}
 l - a scroll of vulnerability {unknown}
Potions
 b - a potion of magic


   Skills:
 + Level 0.5 Fighting
 + Level 0.5 Short Blades
 + Level 0.5 Long Blades
 + Level 0.5 Axes
 + Level 0.5 Maces & Flails
 + Level 0.5 Polearms
 + Level 0.5 Staves
 + Level 0.5 Ranged Weapons
 + Level 0.5 Throwing
 + Level 0.5 Armour
 + Level 4.5 Dodging
 + Level 4.1 Stealth
 + Level 0.5 Shields
 + Level 0.5 Unarmed Combat
 + Level 4.9 Spellcasting
 + Level 7.0 Conjurations
 + Level 0.3 Hexes
 + Level 0.3 Summonings
 + Level 0.3 Necromancy
 + Level 0.3 Translocations
 + Level 0.3 Fire Magic
 + Level 0.3 Ice Magic
 + Level 0.3 Air Magic
 + Level 0.3 Earth Magic
 + Level 0.3 Alchemy
 + Level 0.6 Invocations
 + Level 0.5 Evocations
 + Level 0.4 Shapeshifting


You had 7 spell levels left.
You knew the following spells:

 Your Spells              Type           Power      Damage    Failure   Level
a - Magic Dart            Conj           100%       1d8       1%          1
b - Searing Ray           Conj           52%        2d6       1%          2

Your spell library contained the following spells:

 Spells                   Type           Power      Damage    Failure   Level
 Fulminant Prism          Conj/Alch      7%         3d6       32%         4
 Iskenderun's Mystic Bla Conj/Tloc 15%            2d5        (+2d2     32%         4


Dungeon Overview and Level Annotations

Branches:
Dungeon (2/15)

Altars:

Shops:
D:1 *


Innate Abilities, Weirdness & Mutations

You are a tree.
Your roots penetrate the ground, keeping you stationary.
You cannot be teleported.
You are immune to unholy pain and torment.
Your maximum health is greatly increased.
Your equipment is partially melded.
((You have very sharp teeth.))
Your uncanny sense of smell can sniff out nearby items.
Your experience applies equally to all skills.


Message History

The adder bites you but does no damage. The ball python bites you.
The ball python constricts you. The adder bites you.
You barely miss the adder.
The adder is severely wounded.
The ball python bites you but does no damage.
The ball python constricts you. The adder bites you. The ball python bites you.
The ball python constricts you.
* * * LOW HITPOINT WARNING * * *
You hit the adder.
The adder is almost dead.
The adder bites you.
* * * LOW HITPOINT WARNING * * *
The ball python bites you.
* * * LOW HITPOINT WARNING * * *
The ball python constricts you. The adder barely misses you.
It was a potion of lignification.
You turn into a tree.
Your +0 robe melds into your body.
Your roots penetrate the ground.
The ball python bites you but does no damage.
The ball python constricts you. The adder bites you but does no damage.
The ball python bites you but does no damage.
The ball python constricts you.
* * * LOW HITPOINT WARNING * * *
It was a potion of degeneration.
There was something very wrong with that liquid.
You feel weakened.
You feel dopey.
You feel clumsy. The adder bites you but does no damage.
The ball python completely misses you. The ball python constricts you.
The adder bites you but does no damage.
You closely miss the adder.
The adder is almost dead.
The adder bites you.
* * * LOW HITPOINT WARNING * * *
The ball python bites you but does no damage.
The ball python constricts you.
You hit the adder.
You kill the adder!
The ball python bites you but does no damage.
The ball python constricts you.
The ball python bites you but does no damage.
The ball python constricts you.
You die...

... #.####.# ###.### ###
#.#....# ....... #..
#.#.#### #......###.#
#.#.### ..........>#
#.#...# ........##.#
#.....#
......S....############..#
....$..##.S#.......#.....#
....... ##♣........#.###.#
.......###.#.......#.#...#
.#.l...............#.#.###
#..................#.#...#
...................#.###.#
#....######........#...#.##
##.........##.#..#
#.............##.#
#....)........'..#


You could see a ball python.

Vanquished Creatures
  An adder (D:2)
  A ribbon worm (D:2)
  3 bats (D:1)
  An endoplasm (D:1)
  A giant cockroach (D:2)
  5 goblins
  A ball python (D:1)
  A kobold (D:1)
  4 rats (D:1)
18 creatures vanquished.

Notes
Turn   | Place    | Note
-------+----------+-------------------------------------------
     0 | D:1      | wilfster70 the Gnoll Conjurer began the quest for the Orb.
     0 | D:1      | Reached XP level 1. HP: 13/13 MP: 6/6
   262 | D:1      | Reached XP level 2. HP: 19/19 MP: 5/7
   267 | D:1      | Learned a level 2 spell: Searing Ray
   378 | D:1      | Found Xofib's Assorted Antiques.
   855 | D:2      | HP: 1/30 [adder (1)]
   856 | D:2      | Constricted to death by a ball python

Illustrated notes

Levels and vault maps discovered:
D:1:      saegor_arrival_simple_c, layout_loops_ring, serial_shops, shop_statue,
          serial_glass, glass_columns_a, glass_columns_a, glass_columns_b,
          glass_columns_c, glass_columns_b, glass_columns_a, glass_columns_b,
          glass_columns_a, chequers_serial_rivers_room_b, minmay_domino_4
D:2:      layout_basic, reono_crystal_passage, serial_park_tiny_2,
          minmay_splitting_lines, minmay_bisected, uniq_sigmund, uniq_robin

Action                     || total
---------------------------++-------
  Melee: Staff             ||     2
         Trident           ||     7
         Bite              ||     1
   Cast: Magic Dart        ||    22
         Searing Ray       ||     2
    Use: Scroll            ||     1
         Potion            ||     2
 Armour: Robe              ||    15
         Skin              ||    15
  Dodge: Dodged            ||     8

Table legend: (Time is in decaauts)
 A = Elapsed time spent in this place.
 B = Non-inter-level travel time spent in this place.
 C = Inter-level travel time spent in this place.
 D = Time resting spent in this place.
 E = Time spent auto-exploring this place.
 F = Levels seen in this place.
 G = Mean time per level.
                   A        B        C        D        E       F      G
               +--------+--------+--------+--------+--------+-----+--------+
         Total |    855 |    826 |     29 |    132 |    276 |   2 |  427.5 |
       Dungeon |    855 |    826 |     29 |    132 |    276 |   2 |  427.5 |
               +--------+--------+--------+--------+--------+-----+--------+

Top non-repeatable levels by time:
     D:1: 747 daAuts
     D:2: 108 daAuts
